 Dungeon Crawl Stone Soup version 0.22-a0-456-g11ed031 (webtiles) character file.

322 xccam the Changer (level 6, -14/47 HPs)
             Began as a Draconian Transmuter on June 6, 2018.
             Killed from afar by pk666's ghost (25 damage)
             ... with a fireball
             ... on level 4 of the Dungeon.
             The game lasted 00:08:51 (4260 turns).

xccam the Changer (Draconian Transmuter)            Turns: 4260, Time: 00:08:52

Health: -14/47     AC:  7    Str: 14      XL:     6   Next: 22%
Magic:  11/11      EV: 12    Int: 13 (14) God:
Gold:   172        SH:  0    Dex: 11      Spells: 8/11 levels left

rFire    . . .     SeeInvis .     - Unarmed
rCold    . . .     Gourm    .   (no shield)
rNeg     . . .     Faith    .   (armour unavailable)
rPois    .         Spirit   .   (helmet restricted)
rElec    .         Reflect  .   q - +0 cloak
rCorr    .         Harm     +   (no gloves)
MR       .....     Clarity  +   (no boots)
Stlth    +.........             r - amulet of harm
HPRegen  0.15/turn              (no ring)
MPRegen  0.12/turn              (no ring)

@: appendage
A: unfitting armour, horns 2, clarity, deterioration 1, wild magic 1,
cold-blooded, AC +6
a: End Transformation


You were on level 4 of the Dungeon.
You were not hungry.
You had grown temporary horns.
You visited 1 branch of the dungeon, and saw 4 of its levels.

You collected 172 gold pieces.

Inventory:

Missiles
 a - 5 arrows
Armour
 q - a +0 cloak (worn)
Jewellery
 r - an amulet of harm (around neck)
Scrolls
 f - a scroll of blinking {unknown}
 h - 3 scrolls of magic mapping
 i - 3 scrolls of remove curse
 j - a scroll of teleportation {unknown}
 k - a scroll of random uselessness {unknown}
Potions
 l - a potion of cancellation
 o - a potion of magic
Comestibles
 b - 4 chunks of flesh
 c - 4 rations


   Skills:
 - Level 1.1 Fighting
 - Level 1.7 Dodging
 + Level 4.3 Unarmed Combat
 + Level 3.4 Spellcasting
 * Level 4.9 Transmutations


You had 8 spell levels left.
You knew the following spells:

 Your Spells              Type           Power        Failure   Level  Hunger
a - Beastly Appendage     Tmut           ###...       5%          1    #......
b - Sticks to Snakes      Tmut           ###.....     7%          2    ##.....

Your spell library contained the following spells:

 Spells                   Type           Power        Failure   Level  Hunger
 Magic Dart               Conj           #...         30%         1    #......
 Apportation              Tloc           #.....       30%         1    #......
 Conjure Flame            Conj/Fire      #.......     63%         3    ###....
 Slow                     Hex            #.......     41%         2    ##.....
 Mephitic Cloud           Conj/Pois/Air  #.......     63%         3    ###....
 Summon Small Mammal      Summ           #...         30%         1    #......
 Blink                    Tloc           N/A          41%         2    ##.....
 Animate Skeleton         Necr           N/A          30%         1    #......
 Call Imp                 Summ           #.......     41%         2    ##.....
 Spider Form              Tmut/Pois      ##........   32%         3    ###....
 Blade Hands              Tmut           ###.......   71%         5    ######.
 Ice Form                 Ice/Tmut       ##......     71%         4    #####..
 Confusing Touch          Hex            #.....       30%         1    #......


Dungeon Overview and Level Annotations

Branches:
Dungeon (4/15)
 Temple: D:4-7

Altars:
Hepliaklqana
Sif Muna
Yredelemnul

Annotations:
D:3 Grinder
D:4 pk666's ghost, novice DEFE


Innate Abilities, Weirdness & Mutations

Your plain brown scales are hard. (AC +6)
You cannot fit into any form of body armour.
You are cold-blooded and may be slowed by cold attacks.
You have a pair of horns on your head.
You possess an exceptional clarity of mind.
Your body sometimes deteriorates upon taking damage.
Your spells are a little harder to cast, but a little more powerful.


Message History

Casting: Beastly Appendage (safe; 5% risk of failure)
Confirm with . or Enter, or press ? or * to list all spells.
You grow a pair of large bovine horns.
You hit the jackal.
The jackal is moderately wounded.
The jackal closely misses you.
You punch the jackal!
You kill the jackal!
You closely miss the jackal. Your headbutt misses the jackal.
The jackal bites you but does no damage. x2
You hit the jackal.
You kill the jackal!
Pk666's ghost gestures at you while chanting.
The flame tongue hits you!
Ouch! That really hurt!
* * * LOW HITPOINT WARNING * * *
Pk666's ghost points at you and mumbles some strange words.
The fireball explodes!
The fireball engulfs you!
Ouch! That really hurt!
You die...

......†...####.#
#..........$...#
##...####..###..# ##.
#..# #.. #†## .#.... #..
##W# .>...# #..##..#
#....# #..#.## ##....#
.. #...@## ##....# ...
#.....####.....###...
#...#.................
.....####...............
..#.. #..##........... #
#. #..##......#.... ##
#..###.......... #..#
#.......... #..#
#.......##.


You could see pk666's ghost.

Vanquished Creatures
  Jessica (D:3)
  A worker ant (D:3)
  Robin (D:3)
  4 adders
  A gnoll (D:1)
  An adder skeleton (D:4)
  3 worms (D:2)
  A dart slug (D:2)
  2 leopard geckos
  6 orcs
  3 ball pythons
  9 giant cockroaches
  19 goblins
  7 hobgoblins
  9 jackals
  6 kobolds
  A bat (D:1)
  4 frilled lizards
  2 goblin skeletons (D:2)
  7 rats
88 creatures vanquished.

Vanquished Creatures (collateral kills)
  A human (D:2)
1 creature vanquished.

Grand Total: 89 creatures vanquished

Notes
Turn   | Place    | Note
-------+----------+-------------------------------------------
     0 | D:1      | xccam the Draconian Transmuter began the quest for the Orb.
     0 | D:1      | Reached XP level 1. HP: 16/16 MP: 3/3
   134 | D:1      | Reached XP level 2. HP: 5/23 MP: 5/5
   645 | D:1      | Reached XP level 3. HP: 14/28 MP: 4/6
  1029 | D:1      | Learned a level 2 spell: Sticks to Snakes
  1829 | D:2      | Found a runed door.
  1829 | D:2      | Noticed a human
  1833 | D:2      | Found a basalt altar of Yredelemnul.
  2139 | D:2      | Killed a human
  2139 | D:2      | Reached XP level 4. HP: 35/35 MP: 0/8
  2139 | D:2      | Reached XP level 5. HP: 40/40 MP: 0/9
  2244 | D:2      | Found a hazy altar of Hepliaklqana.
  2383 | D:3      | Found a deep blue altar of Sif Muna.
  2387 | D:3      | Noticed Grinder
  3131 | D:3      | Noticed Robin
  3143 | D:3      | Killed Robin
  3368 | D:3      | Gained mutation: You possess an exceptional clarity of mind. [potion of mutation]
  3368 | D:3      | Gained mutation: Your body sometimes deteriorates upon taking damage. [potion of mutation]
  3368 | D:3      | Gained mutation: Your spells are a little harder to cast, but a little more powerful. [potion of mutation]
  3369 | D:3      | Paralysed by Grinder for 7 turns
  3861 | D:3      | Noticed Jessica
  3867 | D:3      | Killed Jessica
  3867 | D:3      | Reached XP level 6. HP: 47/47 MP: 9/11
  4246 | D:4      | Noticed pk666's ghost (novice DEFE)
  4260 | D:4      | Killed from afar by pk666's ghost

Vault maps used:
D:1:      lemuel_arrival_river_ford, minmay_misc_feat_alley, minmay_pentomino_q4
D:2:      overflow_temple_1_default, minivault_23, dk_yredelemnul_ordeal
D:3:      old_standard_altar, uniq_grinder, uniq_jessica, uniq_robin
D:4:      nicolae_overflow_crystal_walls, lemuel_round_altar, first_ration

Skill      XL: |  1  2  3  4  5 |
---------------+----------------+-----
Transmutations | 4 |  4.9
Spellcasting   | 3 |  3.4
Unarmed Combat | 4 |  4.3
Fighting       | |  1.1
Dodging        | |  1.7

Action                   |  1- 3 |  4- 6 || total
-------------------------+-------+-------++-------
Melee: Unarmed           |   167 |   191 ||   358
       Tailslap          |    14 |    15 ||    29
       Kick              |     6 |    11 ||    17
       Headbutt          |     3 |     3 ||     6
       Punch             |     2 |     2 ||     4
 Cast: Beastly Appendage |     7 |     8 ||    15
       Sticks to Snakes  |     3 |     3 ||     6
  Use: Potion            |     2 |     7 ||     9
       Scroll            |       |     7 ||     7
 Stab: Sleeping          |     1 |       ||     1
  Eat: Chunk             |     3 |     2 ||     5
       Ration            |     1 |     1 ||     2
Armor: Skin              |    41 |    58 ||    99
Dodge: Dodged            |    89 |   152 ||   241

Table legend:
 A = Spawn XP
 B = Non-spawn XP
 C = Spawn XP percentage of total XP
 D = Spawn monster count
 E = Non-spawn monster count
 F = Spawn count percentage of total count
 G = Total turns spent on level
                    A         B        C        D         E        F      G
               +---------+---------+-------+---------+---------+-------+---------
         Total |       0 |     460 |   0.0 |       0 |      89 |   0.0 |  4260
               +---------+---------+-------+---------+---------+-------+---------
           D:1 |       0 |      54 |   0.0 |       0 |      24 |   0.0 |  1458
           D:2 |       0 |     199 |   0.0 |       0 |      21 |   0.0 |  1387
           D:3 |       0 |     162 |   0.0 |       0 |      31 |   0.0 |  1259
           D:4 |       0 |      45 |   0.0 |       0 |      13 |   0.0 |   156
               +---------+---------+-------+---------+---------+-------+---------
